 Dungeon Crawl Stone Soup version 0.27.0-1-g7a089689b8 (webtiles) character file.

Game seed: 11322408333364272048

840 kobby the Chopper (level 8, -4/72 HPs)
             Began as a Naga Fighter on Aug 10, 2021.
             Was an Initiate of Cheibriados.
             Slain by a troll (11 damage)
             ... on level 5 of the Dungeon.
             The game lasted 00:12:16 (5359 turns).

kobby the Chopper (Naga Fighter)                    Turns: 5359, Time: 00:12:16

Health: -4/72      AC: 12    Str: 22    XL:     8   Next: 0%
Magic:  8/8        EV:  4    Int: 10    God:    Cheibriados [......]
Gold:   312        SH:  9    Dex: 11    Spells: 7/7 levels left

rFire    + . .     SeeInvis +   a - +1 war axe
rCold    . . .     Faith    .   c - +0 kite shield
rNeg     . . .     Spirit   .   b - +0 scale mail
rPois    +         Reflect  .   m - +0 helmet
rElec    .         Harm     .   (no cloak)
rCorr    .         Rampage  .   (no gloves)
Will     ++...                  f - +0 barding
Stlth    ..........             (no amulet)
HPRegen  0.22/turn              e - ring of willpower
MPRegen  0.11/turn              (no ring)

@: mighty, about to teleport, very slightly contaminated, invisible (expiring),
very slow
A: AC +2, large, see invisible, deformed body, poison resistance, slowness 2,
spit poison 1, naga tail 1, fire resistance 1
a: Spit Poison, Renounce Religion, Bend Time


You were on level 5 of the Dungeon.
You worshipped Cheibriados.
Cheibriados was noncommittal.
You visited 2 branches of the dungeon, and saw 6 of its levels.

You collected 312 gold pieces.

Inventory:

Hand Weapons
 a - a +1 war axe (weapon)
 p - a +1 hand axe of flaming
Armour
 b - a +0 scale mail (worn)
 c - a +0 kite shield (worn)
 f - a +0 barding (worn)
 m - a +0 helmet (worn)
Jewellery
 e - a ring of willpower (left hand)
 o - a ring of positive energy
Wands
 h - a wand of flame (21)
Scrolls
 j - 2 scrolls of teleportation
 k - 5 scrolls of identify
 l - a scroll of enchant weapon
 n - a scroll of blinking {unknown}
Potions
 d - a potion of might
 g - a potion of mutation
 i - a potion of invisibility


   Skills:
 + Level 4.1 Fighting
 + Level 6.0 Axes
 + Level 4.1 Armour
 + Level 1.1 Dodging
 + Level 1.1 Stealth
 + Level 3.8 Shields


You had 7 spell levels left.
You didn't know any spells.
Your spell library contained the following spells:

 Spells                   Type           Power      Damage    Failure   Level
 Slow                     Hex            0%         N/A       99%         2
 Confusing Touch          Hex            0%         N/A       100%        3
 Gell's Gravitas          Tloc           0%         N/A       100%        3
 Lesser Beckoning         Tloc           0%         N/A       100%        3
 Teleport Other           Tloc           0%         N/A       100%        3
 Vampiric Draining        Necr           0%         2d6       100%        3


Dungeon Overview and Level Annotations

Branches:
Dungeon (5/15)             Temple (1/1) D:4

Altars:
Cheibriados
Dithmenos
Fedhas
Gozag
Hepliaklqana
Kikubaaqudgha
Makhleb
Nemelex Xobeh
Okawaru
Qazlal
Ru
Trog
Vehumet
Wu Jian
Yredelemnul
Zin
The Shining One

Shops:
D:1 !   D:2 (


Innate Abilities, Weirdness & Mutations

Your serpentine skin is tough. (AC +2)
You have supernaturally acute eyesight. (SInv)
Armour fits poorly on your strangely shaped body.
Your system is resistant to poisons. (rPois)
You cover ground very slowly.
You can spit poison.
You have a snake-like lower body.
Your flesh is heat resistant. (rF+)


Message History

Press: ? - help, Shift-Dir - straight line, f - troll
Aim: a troll (heavily wounded)
The splash of poison hits the troll but does no damage.
The troll is heavily wounded.
The troll bites you. You block the troll's attack. The troll claws you!
* * * LOW HITPOINT WARNING * * *
You feel very mighty all of a sudden. The troll bites you.
* * * LOW HITPOINT WARNING * * *
The troll claws you but does no damage. x2
You are too injured to fight recklessly!
As you read the scroll of teleportation, it crumbles to dust.
You feel strangely unstable. You block the troll's attack.
The troll claws you but does no damage. The troll claws you.
* * * LOW HITPOINT WARNING * * *
Okay, then.
The troll bites you but does no damage. The troll claws you but does no damage.
The troll claws you!
* * * LOW HITPOINT WARNING * * *
It was a potion of invisibility.
You fade into invisibility!
You have got your breath back.
The troll bites you.
* * * LOW HITPOINT WARNING * * *
The troll claws you but does no damage. x2
You are very lightly contaminated with residual magic.
Your surroundings suddenly seem different.
Found 2 potions of invisibility.
You start resting.
You flicker for a moment.
You start resting.
A troll is nearby!
A troll is nearby!
As you read the scroll of teleportation, it crumbles to dust.
You feel strangely unstable.
The troll shouts!
The troll bites you.
* * * LOW HITPOINT WARNING * * *
The troll claws you!
You die...

# #) ##.#
#...##### #
#.T....
####.#####!##
#...#####
.......@T...#
####
####.#####..#
.# #


You could see a troll.

Vanquished Creatures
  Duvessa (D:4)
  2 kobold brigands (D:4)
  Blork the orc (D:4)
  Dowan (D:4)
  2 orc priests (D:5)
  A bullfrog skeleton (D:5)
  2 iron imps (D:4)
  Terence (D:3)
  3 orc wizards
  A hound skeleton (D:4)
  Robin (D:3)
  7 adders
  An adder skeleton (D:4)
  An adder zombie (D:5)
  5 dart slugs
  19 orcs
  3 ball pythons
  8 endoplasms
  5 giant cockroaches
  8 goblins
  11 hobgoblins
  4 jackals (D:4)
  2 quokkas (D:4)
  6 bats
  3 frilled lizards
  10 kobolds
  10 rats
119 creatures vanquished.

Notes
Turn   | Place    | Note
-------+----------+-------------------------------------------
     0 | D:1      | kobby the Naga Fighter began the quest for the Orb.
     0 | D:1      | Reached XP level 1. HP: 21/21 MP: 1/1
   381 | D:1      | Reached XP level 2. HP: 19/28 MP: 2/2
   692 | D:1      | Found Utty's Distillery.
   811 | D:1      | Reached XP level 3. HP: 34/34 MP: 3/3
  1279 | D:2      | Found a faded altar of an unknown god.
  1376 | D:2      | Found Quogaxkose's Weapon Boutique.
  1964 | D:3      | Reached XP level 4. HP: 30/42 MP: 4/4
  1967 | D:3      | Reached skill level 3 in Axes
  2353 | D:3      | Reached XP level 5. HP: 48/49 MP: 5/5
  2391 | D:3      | Noticed Terence
  2399 | D:3      | Killed Terence
  2644 | D:3      | Noticed Robin
  2669 | D:3      | Killed Robin
  2920 | D:3      | Reached skill level 4 in Axes
  3359 | D:4      | Reached XP level 6. HP: 53/56 MP: 6/6
  3437 | D:4      | Noticed Blork the orc
  3451 | D:4      | Killed Blork the orc
  3716 | D:4      | Found a burning altar of Makhleb.
  3840 | D:4      | Reached XP level 7. HP: 24/63 MP: 7/7
  3854 | D:4      | Reached skill level 5 in Axes
  4132 | D:4      | Noticed Duvessa
  4132 | D:4      | Noticed Dowan
  4136 | D:4      | Gained mutation: Your flesh is heat resistant. (rF+)
                  | [potion of mutation]
  4147 | D:4      | Killed Duvessa
  4148 | D:4      | Reached skill level 1 in Dodging
  4159 | D:4      | Killed Dowan
  4486 | D:4      | Found a staircase to the Ecumenical Temple.
  4516 | Temple   | Entered the Ecumenical Temple
  4625 | Temple   | Became a worshipper of Cheibriados the Contemplative
  5095 | D:5      | Entered Level 5 of the Dungeon
  5100 | D:5      | Reached skill level 1 in Stealth
  5111 | D:5      | Reached skill level 6 in Axes
  5183 | D:5      | Reached XP level 8. HP: 55/72 MP: 8/8
  5310 | D:5      | Noticed a troll
  5319 | D:5      | HP: 3/72 [troll (10)]
  5359 | D:5      | Slain by a troll

Illustrated notes

Levels and vault maps discovered:
D:1:      dpeg_arrival_arbitrary_c, layout_basic, serial_shops,
          nicolae_shop_stone, minmay_liquid_box, minmay_misc_feat_chi,
          nrook_mini_vaults
D:2:      layout_basic, hellmonk_ecumenical_altar_crossroads, serial_shops,
          shop, minmay_pentomino_o2
D:3:      layout_basic, serial_aquarium, aquarium_bridge_island_small
          [aquarium_subvault_small_water, aquarium_subvault_bridge,
          aquarium_subvault_bridge, aquarium_subvault_wall,
          aquarium_subvault_window], aquarium_window_2, aquarium_window_1,
          aquarium_view_2e, aquarium_view_2f, aquarium_balcony_double_1,
          uniq_robin, uniq_terence
D:4:      cheibrodos_thug_alley, layout_basic, demons_altar, temple_statues,
          uniq_blork_the_orc, uniq_duvessa
D:5:      layout_loops_ring, sigmund_edmund_badplayer
Temple:   lightli_temple_of_artemis

Skill      XL: |  1  2  3  4  5  6  7 |
---------------+----------------------+-----
Axes           | 3 4 6 |  6.0
Armour         | 3 4 |  4.1
Shields        | 3 |  3.8
Fighting       | 4 |  4.1
Dodging        | 1 |  1.1
Stealth        | 1 |  1.1

Action                   |  1- 3 |  4- 6 |  7- 9 || total
-------------------------+-------+-------+-------++-------
Melee: War axe           |   104 |   158 |    97 ||   359
 Abil: Spit Poison       |       |       |     1 ||     1
  Use: Scroll            |     5 |       |     3 ||     8
       Potion            |       |     1 |     7 ||     8
Armor: Scale mail        |    76 |    95 |    56 ||   227
Dodge: Dodged            |    17 |    18 |    20 ||    55
Block: Kite shield       |    62 |    89 |    50 ||   201
